Cogmind - Beta 11.1 @@@ ROGUE MODE // 2022.11.06 @ 18:57:27 Player: Infomantis Result: Escaped! Performance ------------- Evolutions (9) 4500 Regions Visited (24) 4800 Robots Destroyed (214) 1070 Value Destroyed (11749) 11749 Prototype IDs (41) 820 Alien Tech Used (0) 0 Bonus (8639) 8639 TOTAL SCORE: 31578 Bonus ------- High Alert Combat Kills 799 Follower Combat Kills 517 Entered Garrisons 1200 Used RIF Installer 3000 Aligned with FarCom 300 Win 3000 Friendly Fire -177 Cogmind --------- Core Integrity 1600/1600 Matter 247/300 Energy 329/350 System Corruption 1% Temperature Cool (15) Movement Treading (158) Location To Epsilon Eridani Parts ------- > --- POWER (2) -------- Quantum Reactor > --- PROPULSION (8) --- Armored Heavy Treads Biometal Heavy Treads Advanced Heavy Siege Treads Compact Wheel > --- UTILITY (13) ----- Advanced Heat Sink Advanced Heat Sink Large Storage Unit Machine Analyzer Improved Targeting Computer Advanced Targeting Computer Advanced Target Analyzer Heavy Armor Plating Graphene Brace Experimental System Shield Relay Coupler [NC] (21) > --- WEAPON (2) ------- Advanced Plasma Cannon Nova Cannon > --- INVENTORY (15) --- Light Quantum Reactor Biometal Heavy Treads Advanced Heat Sink Advanced Heat Sink Advanced Heat Sink Advanced Heat Sink Relay Coupler [Swarmer] (33) Relay Coupler [Sentry] (22) Mini Drone Bay (3/3) Gamma Rifle Compact HERF Cannon Remote Datajack Advanced Remote Datajack Peak State ------------ > --- POWER ------------ Quantum Reactor Light Quantum Reactor > --- PROPULSION ------- Armored Heavy Treads Biometal Heavy Treads Advanced Heavy Siege Treads Compact Wheel Compact Wheel > --- UTILITY ---------- Advanced Heat Sink Advanced Heat Sink Large Storage Unit Machine Analyzer Improved Targeting Computer Advanced Targeting Computer Advanced Target Analyzer Heavy Armor Plating Graphene Brace Experimental System Shield Relay Coupler [NC] Relay Coupler [Behemoth] > --- WEAPON ----------- Nova Cannon Advanced Remote Datajack > --- INVENTORY -------- Light Quantum Reactor Biometal Heavy Treads Advanced Heat Sink Advanced Heat Sink Advanced Heat Sink Advanced Heat Sink Relay Coupler [Swarmer] Relay Coupler [Sentry] Relay Coupler [Behemoth] Mini Drone Bay Gamma Rifle Compact HERF Cannon Advanced Plasma Cannon Remote Datajack [Rating: 151] Favorites ----------- Power Antimatter Reactor Engine Light Angular Momentum Engine Power Core Reinforced Fission Core Reactor Antimatter Reactor Propulsion Improved Titanium Leg Treads Light Treads Leg Improved Titanium Leg Wheel Armored Wheel Hover Unit Improved Antigrav System Flight Unit Q-thruster Utility Advanced Heat Sink Device Advanced Heat Sink Storage Large Storage Unit Processor Targeting Computer Hackware Relay Coupler [Grunt] Protection Improved Light Armor Plating Weapon Heavy Beamcaster Energy Gun Heavy Beamcaster Energy Cannon Advanced Plasma Cannon Ballistic Gun Light Assault Rifle Ballistic Cannon Antimatter Cannon Launcher Precision Rocket Launcher Special Weapon Remote Datajack Slashing Weapon Scythe Special Melee Weapon Improved Datajack Build | -11 -10 -10 -9 -9 -9 -8 -8 -8 -8 -7 -7 -7 -7 -7 -7 -6 -6 -5 -5 -4 -4 -3 -2 -1 ------- Run | Scr Mat Min Mat Min Exi Min Mat Gar Mat Fac Was Fac Gar Fac Gar Fac Gar Fac Gar Fac Gar Res Res Acc Slots Evolved 18 | . . . 2 . . . 2 . . 2 . . . . . 2 . 2 . 2 . 2 2 2 Power 1 | . . . . . . . . . . . . . . . . . . 1 . . . . . . Propulsion 6 | . . . 1 . . . 1 . . . . . . . . 1 . . . 1 . 2 . . Utility 11 | . . . 1 . . . 1 . . 2 . . . . . 1 . 1 . 1 . . 2 2 Weapon . | . . . . . . . . . . . . . . . . . . . . . . . . . Parts Attached 372 | 8 2 1 7 8 6 4 11 4 43 6 21 . 15 11 13 11 46 7 15 25 18 38 40 12 Power 37 | 1 . . 1 1 1 2 1 1 3 . 4 . . . . . 5 1 2 5 2 3 3 1 Engine 19 | 1 . . 1 1 1 2 1 1 2 . . . . . . . 3 1 2 2 . . 1 . Core 5 | . . . . . . . . . 1 . 1 . . . . . 1 . . 1 1 . . . Reactor 13 | . . . . . . . . . . . 3 . . . . . 1 . . 2 1 3 2 1 Propulsion 92 | 2 1 . 3 . 3 . 2 1 20 . 4 . 1 2 . 5 11 2 6 3 2 13 11 . Treads 31 | 2 1 . 1 . 1 . 1 1 8 . 1 . . . . . 2 . 4 2 2 . 5 . Leg 39 | . . . . . . . . . 8 . 3 . 1 2 . 5 8 1 2 1 . 5 3 . Wheel 17 | . . . 2 . 2 . 1 . 4 . . . . . . . 1 1 . . . 3 3 . Hover 4 | . . . . . . . . . . . . . . . . . . . . . . 4 . . Flight 1 | . . . . . . . . . . . . . . . . . . . . . . 1 . . Utility 127 | 2 . . 2 3 2 1 4 . 11 4 10 . 3 9 5 2 13 2 4 13 8 12 13 4 Device 57 | 1 . . 1 1 1 . 1 . 4 2 3 . . 5 . 2 5 2 4 7 4 8 5 1 Storage 8 | 1 . . . . 1 . 1 . 1 1 . . . . . . 1 . . . . 2 . . Processor 6 | . . . 1 . . . . . . . . . . 1 . . . . . . . 1 3 . Hackware 16 | . . . . . . . . . . . . . 1 . 3 . 3 . . 2 1 1 3 2 Protection 40 | . . . . 2 . 1 2 . 6 1 7 . 2 3 2 . 4 . . 4 3 . 2 1 Artifact . | . . . . . . . . . . . . . . . . . . . . . . . . . Weapon 116 | 3 1 1 1 4 . 1 4 2 9 2 3 . 11 . 8 4 17 2 3 4 6 10 13 7 Energy Gun 44 | 2 . . 1 1 . . 2 . 2 1 1 . 6 . 4 2 7 1 2 2 4 4 2 . Energy Cannon 22 | . . . . . . . 1 1 . . . . . . . . . . 1 . 1 5 8 5 Ballistic Gun 15 | 1 1 1 . 2 . 1 1 . 7 . . . . . . . . . . . . . 1 . Ballistic Cannon 4 | . . . . . . . . . . . . . . . . 1 3 . . . . . . . Launcher 13 | . . . . 1 . . . 1 . . 1 . 4 . 2 1 3 . . . . . . . Special Weapon 9 | . . . . . . . . . . . . . . . . . . 1 . 2 1 1 2 2 Impact Weapon . | . . . . . . . . . . . . . . . . . . . . . . . . . Slashing Weapon 2 | . . . . . . . . . . 1 1 . . . . . . . . . . . . . Piercing Weapon . | . . . . . . . . . . . . . . . . . . . . . . . . . Special Melee Weapon 7 | . . . . . . . . . . . . . 1 . 2 . 4 . . . . . . . Unidentified Prototypes 11 | . . . . . . . 1 . 2 . 2 . . . . 1 . . . . . 3 2 . Parts Lost 81 | . . . . 1 . 2 1 . 11 . . . . 3 . 2 26 . 1 5 4 13 10 2 Power 14 | . . . . . . 1 . . 3 . . . . . . . 5 . . 1 1 1 1 1 Propulsion 26 | . . . . . . . 1 . 4 . . . . 1 . 1 8 . . . . 6 4 1 Utility 28 | . . . . 1 . 1 . . 1 . . . . 2 . 1 8 . 1 3 2 3 5 . Weapon 13 | . . . . . . . . . 3 . . . . . . . 5 . . 1 1 3 . . Highest Loss Streak 18 | . . . . 1 . 2 1 . 3 . . . . 2 . 2 18 . 1 3 2 3 7 2 To Critical Strikes . | . . . . . . . . . . . . . . . . . . . . . . . . . Average Slot Usage (%) 88 | . 100 100 92 99 100 90 98 100 97 64 84 100 100 99 99 92 85 76 77 74 73 79 88 82 Engine 4 | . 14 14 11 11 11 10 9 9 3 . . . . . . . 2 5 5 5 1 . 2 . Core 2 | . . . . . . . . . 4 . . . . . . . 2 5 5 . 7 4 1 . Reactor 2 | . . . . . . . . . . . 4 7 7 7 7 6 . . . 3 . 3 3 7 Treads 9 | . 28 28 22 22 15 11 17 18 16 . . . . . . . 3 . 15 9 10 5 4 12 Leg 10 | . . . . . . . . . 1 30 28 30 30 29 30 28 26 17 1 . . 4 9 . Wheel 6 | . . . 9 11 17 22 17 18 17 . . . . . . . . 4 5 5 5 6 9 7 Device 12 | . 14 14 11 8 4 2 2 9 8 5 11 15 15 13 7 14 13 11 13 15 15 21 21 15 Storage 7 | . 14 14 11 11 11 11 9 9 9 7 7 7 7 7 7 6 5 5 5 5 5 4 4 4 Processor 3 | . . . 4 11 11 11 9 9 9 . . . . . 7 6 . . . . . 1 5 16 Hackware 2 | . . . . . . . . . . . . . . . 2 6 7 5 5 5 5 4 8 8 Protection 8 | . . . . 2 6 . 15 9 9 5 15 23 22 23 19 8 5 5 3 11 9 3 1 4 Energy Gun 8 | . 14 14 11 11 11 11 2 9 3 12 7 7 12 15 11 12 9 10 9 8 9 1 1 2 Energy Cannon 1 | . . . . . . . 6 7 1 . . . . . . . . . 1 1 . 6 6 5 Ballistic Gun 3 | . 14 14 11 9 11 11 8 . 12 . . . . . . . . . . . . . . . Naked Turns . | . . . . . . . . . . . . . . . . . . . . . . . . . Heaviest Build 111 | 15 15 15 14 16 17 19 43 42 44 37 64 64 70 66 63 64 85 89 96 106 107 111 87 95 Greatest Support 215 | 40 40 40 60 12 24 24 28 28 80 40 80 78 78 80 80 90 90 70 28 140 70 140 80 215 Greatest Overweight (x) 6 | . . . 1 1 1 . 3 1 3 . 1 . . . . . 3 3 3 3 3 6 4 2 Average Overweight (x) . | . . . . . . . . 1 1 . . . . . . . . 2 2 2 2 2 1 1 Largest Inventory Capacity 15 | 8 8 8 8 8 10 10 15 15 15 15 15 15 15 15 15 15 15 15 15 15 15 15 15 15 Average Capacity 13 | 7 8 8 8 8 8 10 13 15 15 14 15 15 15 15 15 15 14 15 15 15 15 15 15 15 Most Carried 15 | 8 8 8 8 8 10 10 15 15 15 15 15 15 15 15 15 15 15 15 15 15 15 15 15 15 Average Carried 13 | 4 7 7 7 7 7 9 12 14 14 7 14 15 14 14 14 14 12 14 14 14 14 14 14 13 Final Capacity 15 | 8 8 8 8 8 10 10 15 15 15 15 15 15 15 15 15 15 15 15 15 15 15 15 15 15 Final Carried 15 | 8 8 8 8 7 10 9 15 15 15 13 15 15 15 15 15 15 14 15 15 14 14 15 15 14 Class Distribution -------------------- 38% | Mutant 28% | Scavenger-Mutant 22% | Bothacker-Mutant 8% | Botlord-Mutant Dominant Class ---------------- Mutant | -10/Materials Mutant | -10/Mines Mutant | -9/Materials Mutant | -9/Mines Mutant | -9/Exiles Mutant | -8/Mines Mutant | -8/Materials Mutant | -8/Garrison Mutant | -8/Materials Mutant | -7/Factory Scavenger-Mutant | -7/Waste Scavenger-Mutant | -7/Factory Scavenger-Mutant | -7/Garrison Scavenger-Mutant | -7/Factory Commander-Mutant | -7/Garrison Commander-Mutant | -6/Factory Scavenger-Mutant | -6/Garrison Scavenger-Mutant | -5/Factory Scavenger-Mutant | -5/Garrison Bothacker-Mutant | -4/Factory Bothacker-Mutant | -4/Garrison Botlord-Mutant | -3/Research Bothacker-Mutant | -2/Research Bothacker-Mutant | -1/Access Resources | -11 -10 -10 -9 -9 -9 -8 -8 -8 -8 -7 -7 -7 -7 -7 -7 -6 -6 -5 -5 -4 -4 -3 -2 -1 ----------- Run | Scr Mat Min Mat Min Exi Min Mat Gar Mat Fac Was Fac Gar Fac Gar Fac Gar Fac Gar Fac Gar Res Res Acc Matter Collected 5035 | 293 37 75 79 45 150 40 219 72 896 . 322 . 220 135 252 140 558 70 145 250 214 266 465 92 Remotely . | . . . . . . . . . . . . . . . . . . . . . . . . . Salvage Created 9966 | 107 59 129 127 85 . 72 415 110 1311 . . . 598 291 138 386 831 285 630 965 760 1182 1278 207 Parts 412 | 11 8 6 5 9 . 10 18 7 69 . . . 30 15 10 7 41 6 19 24 28 40 38 11 Haulers Intercepted . | . . . . . . . . . . . . . . . . . . . . . . . . . Recyclers Shooed 8 | 1 . 1 . . . . . . 1 . . . . 1 . 1 . 1 . . . 2 . . Parts Field Recycled . | . . . . . . . . . . . . . . . . . . . . . . . . . Retrieved Matter . | . . . . . . . . . . . . . . . . . . . . . . . . . Parts Self-Destructed . | . . . . . . . . . . . . . . . . . . . . . . . . . Prevented . | . . . . . . . . . . . . . . . . . . . . . . . . . Kills | -11 -10 -10 -9 -9 -9 -8 -8 -8 -8 -7 -7 -7 -7 -7 -7 -6 -6 -5 -5 -4 -4 -3 -2 -1 ------- Run | Scr Mat Min Mat Min Exi Min Mat Gar Mat Fac Was Fac Gar Fac Gar Fac Gar Fac Gar Fac Gar Res Res Acc Combat Hostiles Destroyed 192 | . . 5 3 6 . 5 10 4 26 . . . 24 5 7 6 18 4 10 15 15 12 14 3 Guns 108 | . . 5 3 6 . 5 4 2 23 . . . 9 4 . 1 13 3 4 10 13 3 . . Cannons 27 | . . . . . . . 5 1 3 . . . . . . . 1 . 4 . . 6 6 1 AOE 33 | . . . . . . . . 1 . . . . 14 . 7 5 4 . . . . . 1 1 Classes Destroyed 17 | 2 2 2 1 . . . . . 5 . . . . 1 . . 2 . 1 . . . 1 . Worker 1 | . . . . . . . . . 1 . . . . . . . . . . . . . . . Builder 4 | . 1 . . . . . . . 1 . . . . . . . . . . 1 . 1 . . Tunneler 2 | 2 . . . . . . . . . . . . . . . . . . . . . . . . Recycler 7 | 1 . . . . . . . . . . . . . . . 1 . 1 . . . 3 1 . Mechanic 1 | . . . . . . . . . . . . . . . . . . . . . . . 1 . Operator 2 | . . . . . . . . . 1 . . . . . . . . . . 1 . . . . Watcher 4 | . 1 . . . . . . . 2 . . . . 1 . . . . . . . . . . Swarmer 49 | . . 3 . 6 . 5 3 . 2 . . . 14 2 3 . 2 2 . . 7 . . . Cutter 4 | . . . . . . . . . . . . . . . . . 3 . . . 1 . . . Grunt 69 | . . 2 2 . . . 4 3 12 . . . 8 . 4 6 5 . 8 5 . 3 6 1 Brawler 5 | . . . . . . . . . . . . . . . . . 1 . 1 2 . 1 . . Duelist 2 | . . . . . . . . . 1 . . . . . . . . . . 1 . . . . Sentry 32 | . . . 1 . . . 3 1 7 . . . 2 2 . . 5 . . 3 4 1 3 . Specialist 2 | . . . . . . . . . 2 . . . . . . . . . . . . . . . Hunter 10 | . . . . . . . . . 2 . . . . . . . 3 . . . . 3 2 . Programmer 18 | . . . . . . . . . . . . . . 1 . . . 2 . 4 2 4 3 2 Behemoth 2 | . . . . . . . . . . . . . . . . . . . 1 . 1 . . . Best Kill Streak 8 | 2 1 3 3 3 . 3 7 3 2 . . . 7 2 4 7 3 4 6 5 4 8 6 2 Combat Bots Only 7 | . . 3 3 3 . 3 7 3 2 . . . 7 2 4 6 3 3 6 5 4 6 5 2 Max Kills in Single Turn 3 | 1 1 1 1 1 . 1 1 1 1 . . . 3 1 3 2 3 1 1 1 2 1 1 1 Gunslinging 1 | . . . . . . . . . . . . . . . . . . . . . 1 . . . Exploded 3 | . . . . . . . . 1 . . . . 3 . 3 2 3 . . . . . 1 1 Melee . | . . . . . . . . . . . . . . . . . . . . . . . . . Uniques/NPCs Destroyed . | . . . . . . . . . . . . . . . . . . . . . . . . . Combat | -11 -10 -10 -9 -9 -9 -8 -8 -8 -8 -7 -7 -7 -7 -7 -7 -6 -6 -5 -5 -4 -4 -3 -2 -1 -------- Run | Scr Mat Min Mat Min Exi Min Mat Gar Mat Fac Was Fac Gar Fac Gar Fac Gar Fac Gar Fac Gar Res Res Acc Damage Taken 21014 | . 49 212 47 324 . 359 578 245 2286 . . . 817 475 242 254 3925 223 1093 2749 1762 2800 1810 764 Core 1917 | . . 50 . 22 . 92 58 20 298 . . . 59 62 12 . 733 16 77 . 153 151 114 . Absorbed by Shields 726 | . . . . . . . . . . . . . . . . 57 166 . . . 503 . . . Reduced by Siege Mode 218 | . . . . . . . . . . . . . . . . . . . . . . 218 . . Redirected to Shielding 8 | . . . . . . . 8 . . . . . . . . . . . . . . . . . Regen/Repaired (Parts) 91 | . . . . . . . . . . . . . . . . . . . . . . . 91 . Core Remaining (%) 75 | 100 . 80 . . . 71 . . 31 . . . . . 81 . 13 . 90 . 86 88 92 100 Volleys Fired 730 | 6 4 23 9 20 . 16 28 9 117 2 . . 37 20 9 6 68 17 43 77 63 69 63 24 Largest 2 | 2 2 2 2 2 . 2 2 2 2 1 . . 2 2 2 2 2 2 2 2 2 2 2 2 Hottest 211 | 70 70 70 70 70 . 70 103 141 141 69 . . 162 162 162 162 162 155 165 159 156 203 196 211 Shots Fired 1322 | 12 8 46 18 34 . 32 56 17 194 2 . . 64 41 13 8 120 34 85 151 124 118 107 38 Gun 945 | 12 8 46 18 30 . 32 28 8 175 2 . . 54 41 8 4 94 29 56 143 123 29 5 . Cannon 324 | . . . . . . . 28 3 19 . . . . . . . 23 . 29 4 . 89 94 35 Launcher 32 | . . . . 4 . . . 6 . . . . 10 . 5 4 3 . . . . . . . Special 21 | . . . . . . . . . . . . . . . . . . 5 . 4 1 . 8 3 Kinetic 265 | 6 4 23 9 16 . 16 28 . 140 . . . . . . . 23 . . . . . . . Thermal 981 | 6 4 23 9 14 . 16 28 11 51 2 . . 54 41 8 4 79 34 85 147 123 118 89 35 Explosive 32 | . . . . 4 . . . 6 . . . . 10 . 5 4 3 . . . . . . . Electromagnetic 28 | . . . . . . . . . 3 . . . . . . . 15 . . . . . 10 . Robot Hit Streak 31 | 7 1 10 7 3 . 9 12 11 22 1 . . 11 8 2 5 9 9 17 18 31 17 17 19 Robot Miss Streak 6 | 1 2 3 1 4 . 4 2 3 4 1 . . 3 6 2 1 5 2 2 6 4 4 2 1 Penetration Max . | . . . . . . . . . . . . . . . . . . . . . . . . . Secondary Targets 7 | . . . . 2 . 1 . . . . . . 1 . . . 1 . 1 . 1 . . . Max Gunslinging Chain 1 | . . . . 1 . 1 . . . . . . 1 . . . 1 . 1 . 1 . . . Shots Hit Robots 898 | 8 3 28 14 13 . 17 42 8 147 1 . . 42 18 10 7 72 24 66 121 89 83 70 15 Core Hits 434 | 4 2 8 9 10 . 8 15 11 68 . . . 34 8 9 11 38 8 30 67 36 31 23 4 Critical Kills 8 | . . . 1 . . . 1 . . . . . . . . . . . . . . 2 3 1 Critical Parts Destroyed . | . . . . . . . . . . . . . . . . . . . . . . . . . Critical Strikes 43 | 1 . 1 2 1 . 1 1 . 1 . . . 3 2 . . 7 1 3 1 11 2 4 1 Burn 34 | 1 . 1 1 1 . 1 . . 1 . . . 3 2 . . 7 1 3 1 11 . . . Meltdown 7 | . . . . . . . 1 . . . . . . . . . . . . . . 2 3 1 Destroy 1 | . . . 1 . . . . . . . . . . . . . . . . . . . . . Corrupt 1 | . . . . . . . . . . . . . . . . . . . . . . . 1 . Melee Attacks 13 | . . . . . . . . . . . . . 3 . 6 . 4 . . . . . . . Impact . | . . . . . . . . . . . . . . . . . . . . . . . . . Slashing . | . . . . . . . . . . . . . . . . . . . . . . . . . Piercing . | . . . . . . . . . . . . . . . . . . . . . . . . . Sneak Attacks . | . . . . . . . . . . . . . . . . . . . . . . . . . Combat Hostiles . | . . . . . . . . . . . . . . . . . . . . . . . . . Follow-up Attacks . | . . . . . . . . . . . . . . . . . . . . . . . . . Damage Inflicted 24698 | 103 41 376 150 178 . 220 876 471 2765 20 . . 2311 473 745 1046 2266 520 1637 2850 1986 2889 2231 544 Guns 13328 | 103 39 376 150 178 . 218 314 80 2432 20 . . 791 473 24 67 1432 436 933 2738 1986 422 116 . Cannons 7100 | . . . . . . . 562 27 333 . . . . . . . 371 . 704 64 . 2467 2115 457 Explosions 4134 | . . . . . . . . 364 . . . . 1520 . 721 979 463 . . . . . . 87 Melee . | . . . . . . . . . . . . . . . . . . . . . . . . . Ramming 52 | . 2 . . . . 2 . . . . . . . . . . . . . 48 . . . . Kinetic 3113 | 39 13 203 62 51 . 68 314 . 1992 . . . . . . . 371 . . . . . . . Thermal 17074 | 64 26 173 88 127 . 150 562 107 773 20 . . 791 473 24 67 1363 520 1637 2802 1986 2889 1975 457 Explosive 4134 | . . . . . . . . 364 . . . . 1520 . 721 979 463 . . . . . . 87 Electromagnetic 325 | . . . . . . . . . . . . . . . . . 69 . . . . . 256 . Impact . | . . . . . . . . . . . . . . . . . . . . . . . . . Slashing . | . . . . . . . . . . . . . . . . . . . . . . . . . Piercing . | . . . . . . . . . . . . . . . . . . . . . . . . . Highest Corruption 9 | . . . . . . . . . 1 . . . . 1 . . . . . 3 4 9 4 1 Average Corruption 3 | . . . . . . . . . 1 . . . . 1 . . . . . 2 3 7 3 1 Corruption Purged 1 | . . . . . . . . . . . . . . 1 . . . . . . . . . . Corruption Blocked 3 | . . . . . . . . . . . . . . . . . 3 . . . . . . . Effects 65 | . . . . . . . . . . . . . . 3 . . . . . 8 31 17 4 2 Message Errors 13 | . . . . . . . . . . . . . . . . . . . . 2 3 5 2 1 Matter Fused 12 | . . . . . . . . . . . . . . 1 . . . . . . 6 3 2 . Heat Flow Errors 5 | . . . . . . . . . . . . . . . . . . . . . 4 1 . . Energy Discharges 6 | . . . . . . . . . . . . . . 1 . . . . . 2 2 1 . . Parts Rejected 1 | . . . . . . . . . . . . . . . . . . . . . . 1 . . Data Loss (minor) 11 | . . . . . . . . . . . . . . . . . . . . 3 5 3 . . Data Loss (major) 6 | . . . . . . . . . . . . . . . . . . . . . 6 . . . Misfires 6 | . . . . . . . . . . . . . . 1 . . . . . 1 2 1 . 1 Alerts 3 | . . . . . . . . . . . . . . . . . . . . . 1 2 . . Weapon Failures 2 | . . . . . . . . . . . . . . . . . . . . . 2 . . . Overload Shots . | . . . . . . . . . . . . . . . . . . . . . . . . . Overflow Damage 242 | . . . . . . . 7 . . . . . . . . 21 46 . . 12 . 86 63 7 Projectiles 175 | . . . . . . . 7 . . . . . . . . . . . . 12 . 86 63 7 Explosions 67 | . . . . . . . . . . . . . . . . 21 46 . . . . . . . Melee . | . . . . . . . . . . . . . . . . . . . . . . . . . Knockbacks 6 | . . . . . . . . . . . . . . . . . 5 . . 1 . . . . Impact 1 | . . . . . . . . . . . . . . . . . . . . 1 . . . . Kinetic 5 | . . . . . . . . . . . . . . . . . 5 . . . . . . . Secondary . | . . . . . . . . . . . . . . . . . . . . . . . . . Self-Inflicted Damage 346 | . . . . 50 . 1 . 27 . . . . 35 . 59 40 43 . . . . . . 91 Shots 9 | . . . . 2 . . . 1 . . . . 1 . 1 2 1 . . . . . . 1 Rammed 9 | . 2 . . . . 1 . . . . . . . . . . . . . 5 . . 1 . Targets Rammed 9 | . 2 . . . . 1 . . . . . . . . . . . . . 5 . . 1 . Kicked . | . . . . . . . . . . . . . . . . . . . . . . . . . Crushed . | . . . . . . . . . . . . . . . . . . . . . . . . . Highest Temperature 518 | 18 18 138 53 80 . 82 216 55 222 . . . 49 252 75 88 297 75 192 216 518 109 25 30 Average Temperature 63 | 9 8 59 28 42 . 38 81 24 59 . . . 22 131 29 43 85 36 55 58 128 22 9 17 Received Heat Transfer 3659 | . 27 48 9 . . . 189 126 693 . . . 252 72 63 16 850 . 462 352 170 114 207 9 Effects 5 | . . . . . . . . . . . . . . . . . . . . . 5 . . . Shutdowns 1 | . . . . . . . . . . . . . . . . . . . . . 1 . . . Interference 3 | . . . . . . . . . . . . . . . . . . . . . 3 . . . Short Circuit 1 | . . . . . . . . . . . . . . . . . . . . . 1 . . . Siege Activations 3 | . . . . . . . . . . . . . . . . . . . . . . 3 . . Total Turns 62 | . . . . . . . . . . . . . . . . . . . . . . 62 . . Longest Duration 23 | . . . . . . . . . . . . . . . . . . . . . . 23 . . Robots Corrupted 2 | . . . . . . . . . . . . . . . . . . . . . . . 2 . Combat Hostiles 2 | . . . . . . . . . . . . . . . . . . . . . . . 2 . Parts Fried 4 | . . . . . . . . . . . . . . . . . . . . . . . 4 . Impact Corruptions . | . . . . . . . . . . . . . . . . . . . . . . . . . Robots Melted 23 | . . . . . . . 1 . . . . . 1 1 . . . 1 2 5 2 4 5 1 Combat Hostiles 22 | . . . . . . . 1 . . . . . 1 1 . . . 1 2 5 2 3 5 1 Parts Melted 89 | . . . . . . . 1 . 3 . . . 7 5 . . 2 15 3 20 6 11 10 6 Heat Transferred 31735 | 259 74 592 333 444 . 518 1100 198 1538 37 . . 1480 851 37 111 2863 1120 2802 5888 4577 3678 2750 485 Parts Sabotaged . | . . . . . . . . . . . . . . . . . . . . . . . . . Parts Stolen . | . . . . . . . . . . . . . . . . . . . . . . . . . Parts Stripped . | . . . . . . . . . . . . . . . . . . . . . . . . . Power Chain Reactions . | . . . . . . . . . . . . . . . . . . . . . . . . . Missiles Intercepted . | . . . . . . . . . . . . . . . . . . . . . . . . . Alert | -11 -10 -10 -9 -9 -9 -8 -8 -8 -8 -7 -7 -7 -7 -7 -7 -6 -6 -5 -5 -4 -4 -3 -2 -1 ------- Run | Scr Mat Min Mat Min Exi Min Mat Gar Mat Fac Was Fac Gar Fac Gar Fac Gar Fac Gar Fac Gar Res Res Acc Peak Influence 919 | 15 43 151 135 204 . 120 250 328 479 196 68 31 739 494 690 396 919 557 594 372 749 493 335 411 Initial 457 | . 9 16 . 52 . . . 162 159 196 68 . 21 387 156 361 277 457 274 311 208 420 216 200 Average 323 | 6 38 33 47 123 . 21 45 263 331 196 42 16 408 365 475 374 706 460 387 280 524 414 226 248 Maximum Alert Level 3 | . . . . 1 . . 1 1 2 . . . 3 2 2 1 3 2 2 1 3 2 1 2 Low Security (%) 30 | 100 100 100 100 97 . 100 93 16 4 100 100 100 16 . 8 . . . . 11 . . 36 . Level 1 37 | . . . . 2 . . 6 83 72 . . . 38 68 24 100 12 4 65 88 19 41 63 98 Level 2 24 | . . . . . . . . . 22 . . . 27 31 67 . 20 95 34 . 73 58 . 1 Level 3 7 | . . . . . . . . . . . . . 17 . . . 66 . . . 7 . . . Level 4 . | . . . . . . . . . . . . . . . . . . . . . . . . . Level 5 . | . . . . . . . . . . . . . . . . . . . . . . . . . High Security . | . . . . . . . . . . . . . . . . . . . . . . . . . Max Security . | . . . . . . . . . . . . . . . . . . . . . . . . . Squads Dispatched 31 | . . . 3 . . . 2 . 7 . . . . 1 . 1 . 2 . 5 . 2 6 2 Investigation 5 | . . . 2 . . . . . . . . . . . . 1 . . . . . . 1 1 Extermination 7 | . . . . . . . . . . . . . . 1 . . . 1 . 2 . 1 1 1 Reinforcement 14 | . . . 1 . . . 1 . 7 . . . . . . . . . . 2 . 1 2 . Assault . | . . . . . . . . . . . . . . . . . . . . . . . . . Garrison 5 | . . . . . . . 1 . . . . . . . . . . 1 . 1 . . 2 . Intercept . | . . . . . . . . . . . . . . . . . . . . . . . . . Searches Triggered . | . . . . . . . . . . . . . . . . . . . . . . . . . Construction Impeded 2 | . . . . . . . 1 . . . . . . . . . . . . . . 1 . . Haulers Reinforced . | . . . . . . . . . . . . . . . . . . . . . . . . . Active Scanning Responses . | . . . . . . . . . . . . . . . . . . . . . . . . . Cargo Convoy Interrupts . | . . . . . . . . . . . . . . . . . . . . . . . . . Stealth | -11 -10 -10 -9 -9 -9 -8 -8 -8 -8 -7 -7 -7 -7 -7 -7 -6 -6 -5 -5 -4 -4 -3 -2 -1 --------- Run | Scr Mat Min Mat Min Exi Min Mat Gar Mat Fac Was Fac Gar Fac Gar Fac Gar Fac Gar Fac Gar Res Res Acc Distress Signals 9 | . . . . . . . . . 4 . . . . . . . . . . 4 . 1 . . Communications Jammed . | . . . . . . . . . . . . . . . . . . . . . . . . . Distress Signals . | . . . . . . . . . . . . . . . . . . . . . . . . . Times Spotted 330 | . 3 6 5 6 . 8 12 4 44 . . 5 25 6 20 7 39 5 11 34 20 27 32 11 Peak Tracking Total 11 | . 3 3 4 3 . 4 7 3 4 . . 4 7 2 4 5 7 2 8 5 6 6 11 4 Tactical Retreats 26 | . . 1 . . . 1 . . 1 . . . . . . 1 12 1 2 . 3 3 1 . Traps | -11 -10 -10 -9 -9 -9 -8 -8 -8 -8 -7 -7 -7 -7 -7 -7 -6 -6 -5 -5 -4 -4 -3 -2 -1 ------- Run | Scr Mat Min Mat Min Exi Min Mat Gar Mat Fac Was Fac Gar Fac Gar Fac Gar Fac Gar Fac Gar Res Res Acc Traps Triggered 20 | . 1 . . . . . . 1 2 1 . . 3 . . . 3 . . 1 4 2 2 . Indirectly . | . . . . . . . . . . . . . . . . . . . . . . . . . Trap Hack Attempts . | . . . . . . . . . . . . . . . . . . . . . . . . . Triggered . | . . . . . . . . . . . . . . . . . . . . . . . . . Disarmed . | . . . . . . . . . . . . . . . . . . . . . . . . . Reprogrammed . | . . . . . . . . . . . . . . . . . . . . . . . . . Reused . | . . . . . . . . . . . . . . . . . . . . . . . . . Traps Extracted . | . . . . . . . . . . . . . . . . . . . . . . . . . Installed 4 | . . . . 4 . . . . . . . . . . . . . . . . . . . . Triggered . | . . . . . . . . . . . . . . . . . . . . . . . . . Machines | -11 -10 -10 -9 -9 -9 -8 -8 -8 -8 -7 -7 -7 -7 -7 -7 -6 -6 -5 -5 -4 -4 -3 -2 -1 ---------- Run | Scr Mat Min Mat Min Exi Min Mat Gar Mat Fac Was Fac Gar Fac Gar Fac Gar Fac Gar Fac Gar Res Res Acc Machines Disabled 21 | . . . . . . . . 1 1 . . . 4 1 2 . 2 . 1 1 3 . 2 3 Max in Single Turn 1 | . . . . . . . . 1 1 . . . 1 1 1 . 1 . 1 1 1 . 1 1 Garrison Access 3 | . . . . . . . . . . . . . . . . . . . . . . 1 2 . Garrison Relay 11 | . . . . . . . . 1 . . . . 2 . 2 . 2 . 1 . 3 . . . Energy Cycler 1 | . . . . . . . . . . . . . . . . . . . . . . . . 1 Machines Sabotaged . | . . . . . . . . . . . . . . . . . . . . . . . . . Garrisons Compromised . | . . . . . . . . . . . . . . . . . . . . . . . . . Overloaded Fab Kills . | . . . . . . . . . . . . . . . . . . . . . . . . . Hacking | -11 -10 -10 -9 -9 -9 -8 -8 -8 -8 -7 -7 -7 -7 -7 -7 -6 -6 -5 -5 -4 -4 -3 -2 -1 --------- Run | Scr Mat Min Mat Min Exi Min Mat Gar Mat Fac Was Fac Gar Fac Gar Fac Gar Fac Gar Fac Gar Res Res Acc Machines Accessed 44 | . 3 . 1 . 2 . 1 . 9 . . 3 . 5 . 3 . 1 . 4 . 3 6 3 Terminals 23 | . 3 . 1 . . . . . 7 . . 1 . 1 . 2 . . . 1 . 2 2 3 Fabricators 4 | . . . . . . . . . . . . 1 . 2 . . . . . 1 . . . . Repair Stations 2 | . . . . . . . . . . . . . . . . . . . . 1 . . 1 . Recycling Units . | . . . . . . . . . . . . . . . . . . . . . . . . . Scanalyzers 4 | . . . . . . . . . 2 . . . . 1 . . . . . . . . 1 . Garrison Access 9 | . . . . . . . 1 . . . . 1 . 1 . 1 . 1 . 1 . 1 2 . Total Hacks 107 | . 7 . 2 . 2 . 2 . 29 . . 5 . 18 . 5 . 1 . 8 . 6 15 7 Successful 55 | . 3 . . . 2 . 1 . 16 . . 4 . 14 . 1 . 1 . 3 . 2 7 1 Failed 52 | . 4 . 2 . . . 1 . 13 . . 1 . 4 . 4 . . . 5 . 4 8 6 Catastrophic 10 | . 1 . 1 . . . . . . . . 1 . . . . . . . 1 . 1 2 3 Database Lockouts . | . . . . . . . . . . . . . . . . . . . . . . . . . Manual 25 | . 3 . . . 1 . . . 6 . . 1 . . . 1 . . . 3 . . 4 6 Terminals 62 | . 7 . 2 . . . . . 19 . . 3 . 4 . 4 . . . 4 . 5 7 7 Fabricators 7 | . . . . . . . . . . . . 1 . 4 . . . . . 2 . . . . Repair Stations 4 | . . . . . . . . . . . . . . . . . . . . 1 . . 3 . Recycling Units . | . . . . . . . . . . . . . . . . . . . . . . . . . Scanalyzers 22 | . . . . . . . . . 10 . . . . 9 . . . . . . . . 3 . Garrison Access 10 | . . . . . . . 2 . . . . 1 . 1 . 1 . 1 . 1 . 1 2 . Terminal Hacks 21 | . 3 . . . 2 . . . 7 . . 2 . 3 . . . . . 1 . 1 1 1 Record 2 | . . . . . 1 . . . . . . . . . . . . . . . . . . 1 Robot Analysis 1 | . . . . . . . . . 1 . . . . . . . . . . . . . . . Prototype ID Bank 4 | . 1 . . . . . . . 2 . . . . 1 . . . . . . . . . . Level Access Points 2 | . . . . . . . . . . . . . . . . . . . . . . 1 1 . Branch Access Points 4 | . 1 . . . . . . . 1 . . 1 . . . . . . . 1 . . . . Locate Traps 1 | . . . . . . . . . . . . 1 . . . . . . . . . . . . Maintenance Status 2 | . . . . . . . . . 1 . . . . 1 . . . . . . . . . . Registered Components 2 | . 1 . . . . . . . . . . . . 1 . . . . . . . . . . Zone Layout 2 | . . . . . . . . . 2 . . . . . . . . . . . . . . . EX-Prototype ID Bank 1 | . . . . . 1 . . . . . . . . . . . . . . . . . . . Fabricator Hacks 2 | . . . . . . . . . . . . 1 . 1 . . . . . . . . . . Network Status 2 | . . . . . . . . . . . . 1 . 1 . . . . . . . . . . Repair Station Hacks 2 | . . . . . . . . . . . . . . . . . . . . . . . 2 . Scan Component 1 | . . . . . . . . . . . . . . . . . . . . . . . 1 . Repair 1 | . . . . . . . . . . . . . . . . . . . . . . . 1 . Recycling Unit Hacks . | . . . . . . . . . . . . . . . . . . . . . . . . . Scanalyzer 18 | . . . . . . . . . 8 . . . . 9 . . . . . . . . 1 . Insert Component 9 | . . . . . . . . . 4 . . . . 4 . . . . . . . . 1 . Analyze 9 | . . . . . . . . . 4 . . . . 5 . . . . . . . . . . Garrison Access Hacks 9 | . . . . . . . 1 . . . . 1 . 1 . 1 . 1 . 1 . 1 2 . Unlock Access 6 | . . . . . . . 1 . . . . 1 . 1 . 1 . 1 . 1 . . . . Seal Access 3 | . . . . . . . . . . . . . . . . . . . . . . 1 2 . Unauthorized Hacks 3 | . . . . . . . . . 1 . . . . . . . . . . 1 . . 1 . Terminals 3 | . . . . . . . . . 1 . . . . . . . . . . 1 . . 1 . Assimilate 1 | . . . . . . . . . 1 . . . . . . . . . . . . . . . Botnet 1 | . . . . . . . . . . . . . . . . . . . . . . . 1 . Operators 1 | . . . . . . . . . . . . . . . . . . . . 1 . . . . Fabricators . | . . . . . . . . . . . . . . . . . . . . . . . . . Repair Stations . | . . . . . . . . . . . . . . . . . . . . . . . . . Recycling Units . | . . . . . . . . . . . . . . . . . . . . . . . . . Scanalyzers . | . . . . . . . . . . . . . . . . . . . . . . . . . Garrison Access . | . . . . . . . . . . . . . . . . . . . . . . . . . Data Cores Recovered 1 | . . . . . . . . . 1 . . . . . . . . . . . . . . . Used . | . . . . . . . . . . . . . . . . . . . . . . . . . Hacking Detections 33 | . 2 . 1 . . . 1 . 8 . . 2 . 5 . 2 . . . 3 . 2 4 3 Full Trace Events 4 | . . . 1 . . . . . 2 . . . . . . . . . . . . . . 1 Feedback Events 1 | . . . . . . . . . 1 . . . . . . . . . . . . . . . Corruption 1 | . . . . . . . . . 1 . . . . . . . . . . . . . . . Feedback Blocked . | . . . . . . . . . . . . . . . . . . . . . . . . . Robot Schematics Acquired . | . . . . . . . . . . . . . . . . . . . . . . . . . Robots Built . | . . . . . . . . . . . . . . . . . . . . . . . . . Authchips . | . . . . . . . . . . . . . . . . . . . . . . . . . Time . | . . . . . . . . . . . . . . . . . . . . . . . . . Total Robot Build Rating . | . . . . . . . . . . . . . . . . . . . . . . . . . Part Schematics Acquired 8 | . . . . . . . . . 4 . . . . 4 . . . . . . . . . . Parts Built . | . . . . . . . . . . . . . . . . . . . . . . . . . Authchips . | . . . . . . . . . . . . . . . . . . . . . . . . . Time . | . . . . . . . . . . . . . . . . . . . . . . . . . Total Part Build Rating . | . . . . . . . . . . . . . . . . . . . . . . . . . Parts Repaired 1 | . . . . . . . . . . . . . . . . . . . . . . . 1 . Time 19 | . . . . . . . . . . . . . . . . . . . . . . . 19 . Parts Recycled . | . . . . . . . . . . . . . . . . . . . . . . . . . Recycled Matter . | . . . . . . . . . . . . . . . . . . . . . . . . . Retrieved Matter . | . . . . . . . . . . . . . . . . . . . . . . . . . Retrieved Components . | . . . . . . . . . . . . . . . . . . . . . . . . . Parts Scanalyzed 9 | . . . . . . . . . 4 . . . . 4 . . . . . . . . 1 . Part Schematics Acquired 8 | . . . . . . . . . 4 . . . . 4 . . . . . . . . . . Parts Damaged 2 | . . . . . . . . . . . . . . 2 . . . . . . . . . . Bothacking | -11 -10 -10 -9 -9 -9 -8 -8 -8 -8 -7 -7 -7 -7 -7 -7 -6 -6 -5 -5 -4 -4 -3 -2 -1 ------------ Run | Scr Mat Min Mat Min Exi Min Mat Gar Mat Fac Was Fac Gar Fac Gar Fac Gar Fac Gar Fac Gar Res Res Acc Used RIF Installer 6 | . . . . . . . . 1 . . . . 1 . 1 . 1 . 1 . 1 . . . Command Fork 3 | . . . . . . . . . . . . . 1 . 1 . . . 1 . . . . . Watcher Feeds 1 | . . . . . . . . . . . . . . . . . . . . . 1 . . . Structural Interface 1 | . . . . . . . . . . . . . . . . . 1 . . . . . . . Robots Hacked 21 | . . . . . . . . . . . . . 2 . 5 . 3 . . 3 1 . 4 3 Non-combat 2 | . . . . . . . . . . . . . . . . . . . . 1 . . . 1 Combat 19 | . . . . . . . . . . . . . 2 . 5 . 3 . . 2 1 . 4 2 Robot Hacks Applied 21 | . . . . . . . . . . . . . 2 . 5 . 3 . . 3 1 . 4 3 map_route 2 | . . . . . . . . . . . . . . . . . . . . 1 . . . 1 amplify_resonance 1 | . . . . . . . . . . . . . . . . . . . . . . . 1 . reboot_system 1 | . . . . . . . . . . . . . . . . . . . . . . . 1 . streamctrl_high 5 | . . . . . . . . . . . . . 1 . . . 1 . . . . . 2 1 formatsys_high 12 | . . . . . . . . . . . . . 1 . 5 . 2 . . 2 1 . . 1 Relay Couplers Released 43 | . . . . . . . . 4 . . . . 7 . 8 . 7 . 4 . 13 . . . Machine Destruction 43 | . . . . . . . . 4 . . . . 7 . 8 . 7 . 4 . 13 . . . Attached 15 | . . . . . . . . . . . . . 1 . 3 . 3 . . 2 1 1 2 2 Fabnet Peak Effective % . | . . . . . . . . . . . . . . . . . . . . . . . . . Robots Rewired . | . . . . . . . . . . . . . . . . . . . . . . . . . Allies Hacked . | . . . . . . . . . . . . . . . . . . . . . . . . . Hacks Repelled . | . . . . . . . . . . . . . . . . . . . . . . . . . Allies | -11 -10 -10 -9 -9 -9 -8 -8 -8 -8 -7 -7 -7 -7 -7 -7 -6 -6 -5 -5 -4 -4 -3 -2 -1 -------- Run | Scr Mat Min Mat Min Exi Min Mat Gar Mat Fac Was Fac Gar Fac Gar Fac Gar Fac Gar Fac Gar Res Res Acc Total Allies 29 | . . 3 . . . . . . 1 . . . 2 . 8 . 4 . . 3 2 . 4 2 Largest Group 8 | . . 3 3 1 . . . . 1 . . . 2 . 8 8 2 . . 1 2 . 1 2 Highest-Rated Group 438 | . . 40 40 16 . . . . 26 . . . 64 . 128 128 79 . . 137 94 . 58 438 Highest-Rated Ally 219 | . . 16 16 16 . . . . 26 . . . 32 . 16 16 47 . . 137 47 . 58 219 Total Orders 1 | . . . . . . . . . 1 . . . . . . . . . . . . . . . STAY 1 | . . . . . . . . . 1 . . . . . . . . . . . . . . . Ally Attacks 118 | . . . 14 3 . . . . . . . . 1 . 30 19 30 . . 7 10 . 4 . Total Damage 2083 | . . . 123 17 . . . . . . . . 49 . 462 198 626 . . 287 166 . 155 . Kills 17 | . . . 2 . . . . . . . . . . . 6 . 5 . . 2 2 . . . Allies Corrupted 1 | . . . . . . . . . . . . . . . . . 1 . . . . . . . Allies Melted . | . . . . . . . . . . . . . . . . . . . . . . . . . Intel | -11 -10 -10 -9 -9 -9 -8 -8 -8 -8 -7 -7 -7 -7 -7 -7 -6 -6 -5 -5 -4 -4 -3 -2 -1 ------- Run | Scr Mat Min Mat Min Exi Min Mat Gar Mat Fac Was Fac Gar Fac Gar Fac Gar Fac Gar Fac Gar Res Res Acc Robot Analysis Total 1 | . . . . . . . . . 1 . . . . . . . . . . . . . . . Derelict Logs Recovered 3 | . . 2 . 1 . . . . . . . . . . . . . . . . . . . . Drone Launches . | . . . . . . . . . . . . . . . . . . . . . . . . . Drone Recoveries . | . . . . . . . . . . . . . . . . . . . . . . . . . Exploration | -11 -10 -10 -9 -9 -9 -8 -8 -8 -8 -7 -7 -7 -7 -7 -7 -6 -6 -5 -5 -4 -4 -3 -2 -1 ------------- Run | Scr Mat Min Mat Min Exi Min Mat Gar Mat Fac Was Fac Gar Fac Gar Fac Gar Fac Gar Fac Gar Res Res Acc Turns Passed 18530 | 159 335 853 199 438 499 1035 543 297 1787 191 643 207 842 869 953 161 1709 421 929 1252 1567 1150 1018 473 Spaces Moved 10500 | 78 186 486 153 396 506 524 403 218 1053 82 391 163 487 575 649 98 918 106 374 579 655 614 522 284 Core 8 | 4 . . . . . . . . . . . . . . . . 4 . . . . . . . Treads 1142 | 74 186 486 9 . . . . . 47 . . . . . . . . . . 15 291 14 2 18 Legs 3409 | . . . . . . . . . 34 82 391 163 487 575 649 98 910 5 1 . . . 14 . Wheels 5941 | . . . 144 396 506 524 403 218 972 . . . . . . . 4 101 373 564 364 600 506 266 Hover . | . . . . . . . . . . . . . . . . . . . . . . . . . Flight . | . . . . . . . . . . . . . . . . . . . . . . . . . Fastest Speed 50 | 50 160 160 95 90 90 90 90 110 100 130 127 127 127 127 130 126 50 145 115 115 130 108 108 130 Average Speed 129 | 154 160 160 102 92 96 90 101 110 114 130 132 127 127 129 130 127 144 147 138 138 186 136 123 131 Slowest Speed 260 | 160 160 160 160 105 105 90 135 110 250 130 200 127 127 130 130 130 260 190 260 160 240 170 260 158 Overloaded Moves . | . . . . . . . . . . . . . . . . . . . . . . . . . Propulsion Burnouts . | . . . . . . . . . . . . . . . . . . . . . . . . . Robots Hopped . | . . . . . . . . . . . . . . . . . . . . . . . . . Cave-ins Triggered . | . . . . . . . . . . . . . . . . . . . . . . . . . Exploration Rate (%) 42 | 5 38 99 23 60 71 73 25 36 88 3 95 6 68 24 66 4 74 2 50 17 75 27 22 12 Regions Visited 24 Branch Regions 4 Pre-discovered Areas 1 | . . . . . 1 . . . . . . . . . . . . . . . . . . . Known Exits Taken 11 | . 1 . 1 . . 1 1 . . . . 1 . 1 . 1 . 1 . 1 . 1 1 . Unknown Exits Taken 5 | 1 . 1 . 1 1 . . . 1 . . . . . . . . . . . . . . . Scrap Searched 2 | . . 1 . 1 . . . . . . . . . . . . . . . . . . . . Spaces Dug 20 | . . . . . . . . . . . . . . . . . . . . . . 3 16 1 Terrain Destroyed 329 | . . . . 16 . . 6 19 4 . . . 75 . 82 21 49 . . 1 . 15 23 18 Melee . | . . . . . . . . . . . . . . . . . . . . . . . . . Projectile 58 | . . . . . . . 6 2 4 . . . . . 1 . 4 . . 1 . 15 23 2 AOE 271 | . . . . 16 . . . 17 . . . . 75 . 81 21 45 . . . . . . 16 Terrain Rammed . | . . . . . . . . . . . . . . . . . . . . . . . . . Walls Destroyed . | . . . . . . . . . . . . . . . . . . . . . . . . . Machines Disabled . | . . . . . . . . . . . . . . . . . . . . . . . . . Actions | -11 -10 -10 -9 -9 -9 -8 -8 -8 -8 -7 -7 -7 -7 -7 -7 -6 -6 -5 -5 -4 -4 -3 -2 -1 --------- Run | Scr Mat Min Mat Min Exi Min Mat Gar Mat Fac Was Fac Gar Fac Gar Fac Gar Fac Gar Fac Gar Res Res Acc Total 14166 | 101 214 517 180 437 518 1058 486 259 1468 166 521 163 641 664 745 125 1176 331 705 869 882 806 791 343 Wait 2121 | . 17 5 3 5 . 512 28 16 213 56 78 1 78 39 52 1 92 195 254 148 115 58 131 24 Move 10479 | 77 185 485 152 395 505 523 403 216 1052 82 390 162 486 575 648 98 917 106 373 578 654 613 521 283 Hop . | . . . . . . . . . . . . . . . . . . . . . . . . . Pick Up 160 | 9 2 1 3 1 2 . 9 2 9 16 7 . 2 7 7 2 25 3 8 12 13 11 9 . Fast Attach 138 | 7 2 . 2 . . 1 4 . 21 2 17 . 2 4 . 5 12 . 3 9 3 23 21 . Attach 67 | . . . . 2 . 1 2 . 3 3 1 . . 2 2 1 17 3 2 10 5 5 6 2 Detach 15 | . . . . 1 . . . . . . 2 . . 1 . 1 2 1 . 2 2 . 3 . Swap 167 | 1 . 1 5 6 6 2 5 4 19 1 3 . 13 5 11 5 17 4 10 6 10 10 13 10 Drop 219 | 1 2 2 6 3 5 2 7 4 34 4 23 . 5 11 7 6 10 2 12 22 11 17 23 . Fire 730 | 6 4 23 9 20 . 16 28 9 117 2 . . 37 20 9 6 68 17 43 77 63 69 63 24 Melee 13 | . . . . . . . . . . . . . 3 . 6 . 4 . . . . . . . Ram 2 | . . . . . . 1 . . . . . . . . . . . . . . . . 1 . Kick . | . . . . . . . . . . . . . . . . . . . . . . . . . Crush 7 | . 2 . . . . . . . . . . . . . . . . . . 5 . . . . Escape Stasis 44 | . . . . . . . . 8 . . . . 15 . 3 . 12 . . . 6 . . . Rewire . | . . . . . . . . . . . . . . . . . . . . . . . . . Trap 4 | . . . . 4 . . . . . . . . . . . . . . . . . . . . Miscellaneous . | . . . . . . . . . . . . . . . . . . . . . . . . . Route ------- -11/Scrapyard -10/Materials (discovered 2 exits: *Mat / *Min) -10/Mines (discovered 2 exits: *Mat x2) -9/Materials (discovered 4 exits: Mat x2 / *Min x2) -9/Mines (discovered 2 exits: *Mat / *Exi) -9/Exiles (discovered 2 exits: [*Min x2]) -8/Mines -8/Materials (discovered 2 exits: [*Fac] / Gar) -8/Garrison -8/Materials (discovered 3 exits: [*Fac x3]) -7/Factory -7/Waste -7/Factory (discovered 5 exits: Sto x2 / *Low x2 / Gar) -7/Garrison (discovered 2 exits: *Fac x2) -7/Factory (discovered 2 exits: *Fac / Gar) -7/Garrison (discovered 3 exits: *Fac x3) -6/Factory -6/Garrison (discovered 3 exits: *Fac x3) -5/Factory -5/Garrison -4/Factory (discovered 3 exits: Upp x2 / Gar) -4/Garrison (discovered 2 exits: *Res x2) -3/Research (discovered 3 exits: *Res x3) -2/Research (discovered 3 exits: *Acc x3) -1/Access To Epsilon Eridani History --------- Turn | Location | Event 5 | -11/Scrapyard | Discovered new exit (range 16) 160 | -11/Scrapyard | Entered Materials 303 | -10/Materials | Build established: Mutant 308 | -10/Materials | Discovered new exit (range 13) 310 | -10/Materials | Identified exit to Mines 495 | -10/Materials | Entered Mines 503 | -10/Mines | Met a Derelict bent on vengeance 513 | -10/Mines | Learned 8 Materials zone layouts 820 | -10/Mines | Discovered new exit (range 6) 880 | -10/Mines | Learned Materials emergency access door positions 933 | -10/Mines | Discovered new exit (range 5) 1241 | -10/Mines | A weapon hastily lodged in a ceiling crevice suddenly fell to the ground 1332 | -10/Mines | Assisted by bots powering up and referring to "LRC-V3" 1348 | -10/Mines | Entered Materials 1348 | -9/Materials | Accompanied by 3 allies 1348 | -9/Materials | Evolved 2 slots: Propulsion x1, Utility x1 1349 | -9/Materials | Identified exit to Mines 1349 | -9/Materials | Identified exit to Materials 1526 | -9/Materials | Discovered exit to Mines (range 15) 1547 | -9/Materials | Entered Mines 1547 | -9/Mines | Accompanied by 1 ally 1613 | -9/Mines | Found a hidden stash of uninstalled traps 1766 | -9/Mines | Discovered exit to Materials (range 9) 1769 | -9/Mines | Learned location of 1 exit from Lower Caves 1841 | -9/Mines | Deemed a non-threat by the Exiles lab entrance 1841 | -9/Mines | Discovered new exit (range 5) 1920 | -9/Mines | Excavation squad dispatched 1920 | -9/Mines | A large section of the Mines collapsed 1985 | -9/Mines | Entered Exiles 1999 | -9/Exiles | Discovered new exit (range 15) 2014 | -9/Exiles | Met 8R-AWN 2069 | -9/Exiles | Met EX-HEX 2111 | -9/Exiles | Met EX-DEC 2116 | -9/Exiles | Learned location of Zion (-6) 2141 | -9/Exiles | Met EX-BIN 2165 | -9/Exiles | Aligned with FarCom system 2166 | -9/Exiles | Given EX-Vault access code 2192 | -9/Exiles | Opened EX-Vault 2230 | -9/Exiles | Warned to stay clear of 0b10 Research branches 2335 | -9/Exiles | Found Army-in-a-Box 2475 | -9/Exiles | Discovered new exit (range 11) 2484 | -9/Exiles | Left Exiles lab with Army-in-a-Box 2484 | -9/Exiles | Entered Mines 3484 | -8/Mines | Discovered exit to Materials (range 11) 3519 | -8/Mines | Entered Materials 3519 | -8/Materials | Evolved 2 slots: Propulsion x1, Utility x1 3897 | -8/Materials | Discovered new exit (range 3) 3976 | -8/Materials | Garrison activated, responded to threat 4062 | -8/Materials | Identified exit to Garrison 4062 | -8/Materials | Entered Garrison 4064 | -8/Garrison | Destroyed 7 combat bots 4086 | -8/Garrison | Triggered checkpoint 4110 | -8/Garrison | Garrison Relay disabled 4218 | -8/Garrison | Triggered checkpoint 4258 | -8/Garrison | Discovered new exit (range 15) 4286 | -8/Garrison | Installed Relay Interface Framework 4359 | -8/Garrison | Entered Materials 4567 | -8/Materials | Discovered new exit (range 15) 4716 | -8/Materials | Discovered new exit (range 15) 6081 | -8/Materials | Core integrity fell below 50% 6125 | -8/Materials | Discovered new exit (range 4) 6146 | -8/Materials | Entered Factory 6146 | -7/Factory | Evolved 2 slots: Utility x2 6167 | -7/Factory | Lost 3 parts (1p1u1w) 6337 | -7/Factory | Sucked down chute 6337 | -7/Factory | Entered Waste 6337 | -7/Waste | The area was eerily silent 6725 | -7/Waste | Discovered new exit (range 16) 6811 | -7/Waste | Build established: Scavenger-Mutant 6918 | -7/Waste | Found Damper Plating 6980 | -7/Waste | Entered Factory 7057 | -7/Factory | Identified exit to Storage 7057 | -7/Factory | Identified exit to Lower Caves 7183 | -7/Factory | Identified exit to Garrison 7187 | -7/Factory | Entered Garrison 7247 | -7/Garrison | Triggered checkpoint 7247 | -7/Garrison | Triggered checkpoint 7295 | -7/Garrison | Destroyed 7 combat bots 7310 | -7/Garrison | Triggered checkpoint 7328 | -7/Garrison | Garrison Relay disabled 7578 | -7/Garrison | Discovered new exit (range 15) 7642 | -7/Garrison | Triggered checkpoint 7669 | -7/Garrison | Garrison Relay disabled 7799 | -7/Garrison | Triggered checkpoint 7912 | -7/Garrison | Discovered new exit (range 15) 7942 | -7/Garrison | Expanded RIF knowledge: Command Fork 8029 | -7/Garrison | Entered Factory 8886 | -7/Factory | Discovered new exit (range 12) 8898 | -7/Factory | Identified exit to Garrison 8898 | -7/Factory | Entered Garrison 9032 | -7/Garrison | Triggered checkpoint 9116 | -7/Garrison | Discovered new exit (range 15) 9117 | -7/Garrison | Build established: Mutant 9142 | -7/Garrison | Expanded RIF knowledge: Command Fork 9188 | -7/Garrison | Triggered checkpoint 9212 | -7/Garrison | Garrison Relay disabled 9286 | -7/Garrison | Triggered checkpoint 9345 | -7/Garrison | Discovered new exit (range 12) 9406 | -7/Garrison | Triggered checkpoint 9436 | -7/Garrison | Garrison Relay disabled 9536 | -7/Garrison | Triggered checkpoint 9626 | -7/Garrison | Triggered checkpoint 9753 | -7/Garrison | Discovered new exit (range 10) 9835 | -7/Garrison | Build established: Commander-Mutant 9851 | -7/Garrison | Entered Factory 9851 | -6/Factory | Accompanied by 8 allies 9851 | -6/Factory | Evolved 2 slots: Propulsion x1, Utility x1 10012 | -6/Factory | Identified exit to Garrison 10012 | -6/Factory | Entered Garrison 10078 | -6/Garrison | Triggered checkpoint 10110 | -6/Garrison | Garrison Relay disabled 10199 | -6/Garrison | Build established: Bothacker-Mutant 10319 | -6/Garrison | Lost 5 parts (2p1n2u) 10693 | -6/Garrison | Discovered new exit (range 14) 10757 | -6/Garrison | Build established: Scavenger-Mutant 10806 | -6/Garrison | Triggered checkpoint 10878 | -6/Garrison | Garrison Relay disabled 11081 | -6/Garrison | Core integrity fell below 50% 11104 | -6/Garrison | Core integrity fell below 20% 11134 | -6/Garrison | Lost 18 parts (3p6n4u5w) 11360 | -6/Garrison | Triggered checkpoint 11412 | -6/Garrison | Discovered new exit (range 10) 11560 | -6/Garrison | Discovered new exit (range 10) 11586 | -6/Garrison | Expanded RIF knowledge: Structural Interface 11686 | -6/Garrison | Triggered checkpoint 11721 | -6/Garrison | Entered Factory 11721 | -5/Factory | Evolved 2 slots: Power x1, Utility x1 12062 | -5/Factory | Garrison activated, responded to threat 12142 | -5/Factory | Identified exit to Garrison 12142 | -5/Factory | Entered Garrison 12150 | -5/Garrison | Expanded RIF knowledge: Command Fork 12186 | -5/Garrison | Garrison Relay disabled 12262 | -5/Garrison | Spotted B-75 Beast 12686 | -5/Garrison | Triggered checkpoint 12731 | -5/Garrison | Destroyed B-75 Beast 13058 | -5/Garrison | Discovered new exit (range 10) 13071 | -5/Garrison | Entered Factory 13071 | -4/Factory | Evolved 2 slots: Propulsion x1, Utility x1 13352 | -4/Factory | Identified exit to Upper Caves 13558 | -4/Factory | Build established: Bothacker-Mutant 13612 | -4/Factory | Lost 3 parts (1p2u) 14246 | -4/Factory | Garrison activated, responded to threat 14314 | -4/Factory | Identified exit to Garrison 14323 | -4/Factory | Entered Garrison 14428 | -4/Garrison | Triggered checkpoint 14456 | -4/Garrison | Garrison Relay disabled 14594 | -4/Garrison | Triggered checkpoint 14607 | -4/Garrison | Spotted B-86 Titan 14906 | -4/Garrison | Destroyed B-86 Titan 14929 | -4/Garrison | Found Hvy. Reflective Plating 15250 | -4/Garrison | Discovered new exit (range 10) 15320 | -4/Garrison | Garrison Relay disabled 15338 | -4/Garrison | Triggered checkpoint 15508 | -4/Garrison | Triggered checkpoint 15612 | -4/Garrison | Discovered new exit (range 5) 15636 | -4/Garrison | Expanded RIF knowledge: Watcher Feeds 15708 | -4/Garrison | Triggered checkpoint 15767 | -4/Garrison | Garrison Relay disabled 15890 | -4/Garrison | Entered Research 15890 | -3/Research | Evolved 2 slots: Propulsion x2 16016 | -3/Research | Identified exit to Research 16121 | -3/Research | Build established: Botlord-Mutant 16358 | -3/Research | Lost 3 parts (1n2u) 16446 | -3/Research | Lost 3 parts (1p2w) 16693 | -3/Research | Lost 3 parts (2n1u) 16851 | -3/Research | Found Prototype Hackware 17040 | -3/Research | Entered another Research area 17040 | -2/Research | Evolved 2 slots: Utility x2 17082 | -2/Research | Identified Exp. System Shield 17189 | -2/Research | Garrison activated, responded to threat 17293 | -2/Research | Lost 7 parts (1p3n3u) 17465 | -2/Research | Repaired Hvy. Armor Plating 17694 | -2/Research | Build established: Bothacker-Mutant 17747 | -2/Research | Garrison activated, responded to threat 17909 | -2/Research | Identified exit to Access 18058 | -2/Research | Entered Access 18058 | -1/Access | Evolved 2 slots: Utility x2 18395 | -1/Access | Energy Cycler disabled 18437 | -1/Access | Discovered new exit (range 6) 18468 | -1/Access | Spotted B-99 Colossus 18469 | -1/Access | Spotted B-99 Colossus 18473 | -1/Access | Assimilated Colossus 10a with formatsys_high 18475 | -1/Access | Hijacked Colossus 10b control node with streamctrl_high 18531 | *** | Escaped! Last Messages --------------- 18473_ Slug penetrates Sealed Heavy Doors. 18473_ Lgt. Quantum Reactor destroyed. 18473_ Com. Wheel destroyed. 18473_ Slug penetrates Sealed Heavy Doors. 18473_ Penetrated by Slug. 18473_ Slug penetrates Sealed Heavy Doors. 18473_ Jacked B-99 Colossus... >>formatsys_high Rerouting network defenses. Erasing system data. Installing primary routines, ETC: 6. 18475_ Jacked B-99 Colossus... >>streamctrl_high Hijacking control node. 18479_ Colossus 10a reactivates. 18513_ Y<&>XMQVM:LDQOTZ QP=L 18519_ Acquired 7 matter. 18520_ >> Watcher Feeds: Established visual feed link with W-44 Eye. 18522_ >> Watcher Feeds: Feed link from W-44 Eye lost. 18525_ >> Watcher Feeds: Established visual feed link with W-44 Eye. Map ----- +----------------------------------------------------+ | ???????????# #??????????????????# * #??? | | ???????????# #?????????????"""""# " #??? | | ???????????# #?????????????"""""# """" #??? | | ???????????#C #?????????????"""""# """"" #??? | | ???????????# #?????????????"""""# """"" #??? | | ???????????#k +?????????????"""""#! """" #??? | | ???????????# #??????????????????# " #??? | | ???????????#k #??????????????????# #??? | | ???????????# #??????????????????#! #??? | | ???????????# #??????????????????# #??? | | ########+### ######################+##+########## | | k g w | | | | ########p### #######A ""#####+########### | | # #?????# ""#?# % # # | | w #w #?????# ""#?# # # | | #u #?????#R T#?# ""# # | | #k #?????# ""#?# ""# # | | # #?????# ""#?# ""# # | | #k #????## ""### T# + | | p # #????# ## ""# # | | # #????## ### ""# ### | | " " # #?????# #?# ""# ## | | ""R"" # #?????# #?# # ## | | """"" # #?????# #?# # ## | | # #?????# @" #?# + ##" | | w # #?????# "" #?# # ##" | | ############ #?????# BB #?# #########" | | ???????????? #?????# BB #?########???????#T | | ???????????? #?????# BB #????????????????#" | | ????????????R #?????#"""" BB"""#????????????????#" | | ???????????? ??????????" ""??????????????????#" | | ???????????? ??????????" "??????????????????# | | ???????????? ??????????" "??????????????????# | | ???????????? ??????? % % #????????????????## | | ????????????????????# #?????????????????? | | ????????????????????# #?????????????????? | | ????????????????????# #?????????????????? | | ????????????????????# #?????????????????? | | ????????????????????# #?????????????????? | | ????????????????????# #?????????????????? | | ????????????????????#### ####?????????????????? | | ???????????????????????# #??"""""?????????????? | | ???????????????????????# #??""T""?????????????? | | ???????????????????????# +????????????????????? | | ???????????????????????# #????????????????????? | | ???????????????????????# #????????????????????? | | ???????????????????????# #????????????????????? | | ???????????????????????? ?????????????????????? | | ?????????????????????????????????????????????????? | +----------------------------------------------------+ Best States ------------- Heat Dissipation 155 Energy Generation 45 Energy Capacity 550 Matter Stores 300 Matter Capacity 300 Sight Range 16 Terrain Scan Density 10 Corruption Block 8 Armor Coverage 1600 Resistance: TH 25 Resistance: EM 90 Propulsion Shielding 66 Phase Shifting 10 Evasion (%) 55 Targeting Accuracy 14 Target Analysis 8 Recoil Reduction 6 Defensive Hacking 16 Relay Coupler Types 2 Relay Coupler Value 62 Item Schematics ----------------- Imp. Datajack | -8/Materials | Scanalyzed Corruption Screen | -8/Materials | Scanalyzed Missile Launcher | -8/Materials | Scanalyzed Mak. Shrapnel Gun | -8/Materials | Scanalyzed Adv. Trap Extractor | -7/Factory | Scanalyzed Prc. Rocket Launcher | -7/Factory | Scanalyzed Remote Datajack | -7/Factory | Scanalyzed Antimatter Reactor | -7/Factory | Scanalyzed Robot Schematics ------------------ None Fabricated ------------ Nothing Alien Tech Used ----------------- None Achievements -------------- None Challenges ------------ None Game ------ Seed TerrabombActuatorField Manual? 0 Play Time 02:59:20 Cumulative 246.0 hours Start 2022.11.06 @ 15:41:44 End 2022.11.06 @ 18:57:27 Sessions 1 Manual Loads 0 Difficulty Rogue Special Mode None Game No. 168 Rogue 145 Adventurer 6 Explorer 17 Win Type 0 Total 18 Types 11/0/3/1/0/1/1/1/0 Lore% 92 Gallery% 92 Achievement% 71 Wizard Run 0 Options --------- ASCII 0 Keyboard 0 Movement Numpad Keybinds 0 Fullscreen 1 Font 12/Fuzzy Map View 83x54 Tactical HUD 1 Map Filters NONE Filters NONE Steam 1 RUN: 00dcbcf2-a7f1-406d-b428-af4996c3610f